 Dungeon Crawl Stone Soup version 0.24.0-1-gfbc8707122 (webtiles) character file.

Game seed: 5783902809618233043, levelgen mode: deterministic

106 Fingolfin the Skirmisher (level 4, -4/40 HPs)
             Began as a Hill Orc Wanderer on Oct 26, 2019.
             Was an Initiate of Nemelex Xobeh.
             Slain by Grinder (7 damage)
             ... on level 3 of the Dungeon.
             The game lasted 00:06:04 (2346 turns).

Fingolfin the Skirmisher (Hill Orc Wanderer)        Turns: 2346, Time: 00:06:05

Health: -4/40      AC:  6    Str: 14    XL:     4   Next: 84%
Magic:  6/6        EV: 10    Int: 14    God:    Nemelex Xobeh [......]
Gold:   87         SH:  0    Dex:  9    Spells: 4/6 levels left

rFire    . . .     SeeInvis .   h - +0 hand axe
rCold    . . .     Gourm    .   (no shield)
rNeg     . . .     Faith    .   c - +0 ring mail
rPois    .         Spirit   .   a - +0 helmet
rElec    .         Reflect  .   s - -2 cloak (curse)
rCorr    .         Harm     .   (no gloves)
MR       .....                  n - +0 pair of boots
Stlth    ..........             (no amulet)
HPRegen  0.13/turn              o - ring of wizardry
MPRegen  0.10/turn              j - ring of attention (curse)

@: no status effects
A: no striking features
a: Draw Escape, Draw Destruction, Draw Summoning, Renounce Religion


You were on level 3 of the Dungeon.
You worshipped Nemelex Xobeh.
Nemelex Xobeh was noncommittal.
You were not hungry.

You visited 1 branch of the dungeon, and saw 3 of its levels.

You collected 87 gold pieces.

Inventory:

Hand Weapons
 h - a +0 hand axe (weapon)
Armour
 a - a +0 helmet (worn)
 c - a +0 ring mail (worn)
 e - a +0 robe
 n - a +0 pair of boots (worn)
 s - a cursed -2 cloak (worn)
Jewellery
 j - a cursed ring of attention (right hand)
 o - a ring of wizardry (left hand)
Scrolls
 b - 2 scrolls of magic mapping
 g - 2 scrolls of enchant weapon
 i - a scroll of identify
 k - 2 scrolls of teleportation
 m - a scroll of fog
Potions
 d - a potion of haste
 l - a potion of degeneration {unknown}
 p - a potion of might {unknown}
 r - a potion of curing {unknown}
Comestibles
 f - 3 rations


   Skills:
 + Level 4.2 Fighting
 - Level 1.0 Throwing
 - Level 2.1 Armour
 - Level 1.0 Stealth
 - Level 1.5 Spellcasting
 + Level 1.4 Charms
   Level 1.0 Translocations
   Level 1.7 Ice Magic
 + Level 1.3 Air Magic


You had 4 spell levels left.
You knew the following spells:

 Your Spells              Type           Power        Failure   Level  Hunger
S - Swiftness             Chrm/Air       #.......     16%         2    ###....

Your spell library contained the following spells:

 Spells                   Type           Power        Failure   Level  Hunger
 Shroud of Golubria       Chrm/Tloc      #.....       17%         2    ###....
 Blink                    Tloc           N/A          21%         2    ###....
 Poisonous Vapours        Pois/Air       #.....       22%         2    ###....
 Gell's Gravitas          Tloc           #.........   36%         3    ####...
 Lesser Beckoning         Tloc           #.........   36%         3    ####...
 Teleport Other           Tloc           #.......     36%         3    ####...
 Passage of Golubria      Tloc           N/A          75%         4    #####..


Dungeon Overview and Level Annotations

Branches:
Dungeon (3/15)

Altars:
Nemelex Xobeh

Annotations:
D:3 Grinder


Message History

You hit Grinder.
Grinder is lightly wounded.
The helpless Grinder fails to defend herself.
You hit Grinder.
Grinder is lightly wounded.
Unknown command.
Unknown command.
The helpless Grinder fails to defend herself.
You hit Grinder.
Grinder is lightly wounded.
The helpless Grinder fails to defend herself.
You hit Grinder.
Grinder is moderately wounded.
Grinder is no longer petrified.
Grinder hits you!
* * * LOW HITPOINT WARNING * * *
You draw a card...
You have drawn Wild Magic.
Venomous gases pour from Grinder's claws!
You feel a surge of magic. Grinder hits you!
You die...
Your body disappears without a glow.

... ... .
... ..
.... o.
.#.##.
.... #
#..# #.
#..#
#.##..#†5#
........@#
##
#.###.##)#
.. #. #.#
# .# # #.#
.##. . #)#
#....#####
#)# #.#
...#.. #)#
#.# #.#..
#†# #.#
#...# #.#
#.# #..##


You could see Grinder.

Vanquished Creatures
  Robin (D:2)
  An adder (D:2)
  2 worms
  2 dart slugs
  4 leopard geckos
  6 orcs (D:3)
  4 giant cockroaches (D:1)
  16 goblins
  3 hobgoblins (D:1)
  2 jackals (D:2)
  4 kobolds
  A quokka (D:3)
  6 bats (D:1)
  4 frilled lizards
  5 rats
61 creatures vanquished.

Notes
Turn   | Place    | Note
-------+----------+-------------------------------------------
     0 | D:1      | Fingolfin the Hill Orc Wanderer began the quest for the
                  | Orb.
     0 | D:1      | Fingolfin set off with the following items: a +0 dagger, 15
                  | poisoned darts, a +0 robe, a ration; and the following
                  | spells available to memorise: Blink, Shroud of Golubria,
                  | Poisonous Vapours, Swiftness, Gell's Gravitas, Lesser
                  | Beckoning, Teleport Other, Passage of Golubria
     0 | D:1      | Reached XP level 1. HP: 16/16 MP: 3/3
   250 | D:1      | Reached skill level 2 in Fighting
   451 | D:1      | Reached XP level 2. HP: 25/25 MP: 4/4
   681 | D:1      | Reached skill level 3 in Fighting
   843 | D:1      | Reached XP level 3. HP: 31/31 MP: 5/5
  1010 | D:1      | Learned a level 2 spell: Swiftness
  1430 | D:2      | Noticed Robin
  1441 | D:2      | Reached XP level 4. HP: 12/40 MP: 6/6
  1447 | D:2      | Reached skill level 1 in Charms
  1460 | D:2      | Killed Robin
  1460 | D:2      | Reached skill level 4 in Fighting
  1460 | D:2      | Reached skill level 1 in Air Magic
  2097 | D:3      | Found a sparkling altar of Nemelex Xobeh.
  2249 | D:3      | Became a worshipper of Nemelex Xobeh the Trickster
  2266 | D:3      | Received a gift from Nemelex Xobeh
  2328 | D:3      | Noticed Grinder
  2346 | D:3      | Slain by Grinder

Levels and vault maps discovered:
D:1:      saegor_arrival_simple_e, layout_loops_ring, minmay_pentomino_u4
D:2:      layout_basic, uniq_robin
D:3:      layout_loops_ring, nemelex_xobeh_ov_fountains_minmay, uniq_grinder

Skill      XL: |  1  2  3  4 |
---------------+-------------+-----
Fighting       | 2 3 4 |  4.2
Charms         | 1 |  1.4
Air Magic      | 1 |  1.3
Throwing       | |  1.0
Armour         | |  2.1
Stealth        | |  1.0
Spellcasting   | |  1.5
Translocations | |  1.0
Ice Magic      | |  1.7

Action                   |  1- 3 |  4- 6 || total
-------------------------+-------+-------++-------
Melee: Dagger            |    79 |       ||    79
       Hand axe          |    69 |   106 ||   175
 Abil: Draw Destruction  |       |     3 ||     3
  Use: Potion            |     2 |       ||     2
       Scroll            |       |     5 ||     5
 Stab: Petrified         |       |    11 ||    11
  Eat: Chunk             |     2 |     3 ||     5
Armor: Robe              |     5 |       ||     5
       Ring mail         |    71 |    49 ||   120
Dodge: Dodged            |   109 |    56 ||   165
